 Dungeon Crawl Stone Soup version 0.31.0-12-g77e489cdc1 (webtiles) character file.

Game seed: 5463146168175177506

49 DildoBatman the Conjurer (level 4, 0/32 HPs)
             Began as a Formicid Conjurer on Feb 28, 2024.
             Slain by a jackal (3 damage)
             ... on level 3 of the Dungeon.
             The game lasted 00:02:37 (755 turns).

DildoBatman the Conjurer (Formicid Conjurer)         Turns: 755, Time: 00:02:38

Health: 0/32       AC:  2    Str: 12    XL:     4   Next: 1%
Magic:  8/8        EV: 12    Int: 19    God:
Gold:   22         SH:  0    Dex: 12    Spells: 5/8 levels left

rFire   . . .        l - +0 sling
rCold   . . .        (no shield)
rNeg    . . .        a - +0 robe
rPois   .            (helmet unavailable)
rElec   .            (no cloak)
rCorr   .            (no gloves)
SInv    +            (no boots)
Will    .....        (no amulet)
Stlth   ++           (no ring)
HPRegen 0.25/turn    (no ring)
MPRegen 0.11/turn

%: no passive effects
@: no status effects
A: permanent stasis, dig shafts and tunnels, antennae 3, four strong arms
a: Dig, Shaft Self


You were on level 3 of the Dungeon.
You visited 1 branch of the dungeon, and saw 3 of its levels.

You collected 22 gold pieces.

Inventory:

Hand Weapons
 d - a +0 dagger
 h - a +0 short sword
 l - a +0 sling (weapon)
Missiles
 e - 19 stones
 g - 4 javelins
Armour
 a - a +0 robe (worn)
Scrolls
 j - 2 scrolls of teleportation {unknown}
 k - a scroll of identify {unknown}
Potions
 b - 2 potions of magic
 c - a potion of enlightenment {unknown}
 f - a potion of resistance {unknown}
 i - a potion of haste {unknown}


   Skills:
 + Level 1.2 Fighting
 + Level 1.2 Armour
 + Level 2.1 Dodging
 + Level 3.0 Stealth
 + Level 2.6 Spellcasting
 + Level 3.8 Conjurations


You had 5 spell levels left.
You knew the following spells:

 Your Spells              Type           Power      Damage    Failure   Level
a - Searing Ray           Conj           32%        2d5       4%          2
c - Magic Dart            Conj           64%        1d6       3%          1

Your spell library contained the following spells:

 Spells                   Type           Power      Damage    Failure   Level
 Fulminant Prism          Conj/Alch      4%         3d5       58%         4
 Iskenderun's Mystic Bla  Conj/Tloc      9%         2d4       58%         4


Dungeon Overview and Level Annotations

Branches:
Dungeon (3/15)

Altars:


Innate Abilities, Weirdness & Mutations

You cannot be hasted, slowed, berserked, paralysed or teleported.
You can dig through walls and to a lower floor.
You have a pair of large antennae on your head. (SInv)
Your four strong arms can wield two-handed weapons with a shield.


Message History

t - Shout!
Orders for allies: a - Attack new target. r - Retreat! s - Stop attacking. g - Guard the area. f - Follow me.
Anything else - Cancel.
You shout for attention!
The jackal completely misses you. The jackal misses you. The jackal bites you.
What are your orders? t - Shout!
Orders for allies: a - Attack new target. r - Retreat! s - Stop attacking. g - Guard the area. f - Follow me.
Anything else - Cancel.
You shout for attention!
The jackal bites you but does no damage.
The jackal bites you. The jackal barely misses you.
What are your orders? t - Shout!
Orders for allies: a - Attack new target. r - Retreat! s - Stop attacking. g - Guard the area. f - Follow me.
Anything else - Cancel.
You shout for attention!
The jackal bites you. The jackal misses you. What are your orders? t - Shout!
Orders for allies: a - Attack new target. r - Retreat! s - Stop attacking. g - Guard the area. f - Follow me.
Anything else - Cancel.
You shout for attention!
The jackal bites you. The jackal completely misses you.
The jackal barely misses you. The jackal bites you.
You die...

#####
.#######...#
...........#
.#######...#
####.#####
#@h......#
#h##.###.#
#†##.# #.#
#.##.# #.#
#.##.. #.#
#.###. #.#
#.. >....
... .##..
... ...


You could see 2 jackals.

Vanquished Creatures
  An adder (D:2)
  2 dart slugs (D:1)
  2 ball pythons (D:1)
  3 endoplasms (D:1)
  4 giant cockroaches (D:1)
  4 goblins (D:1)
  A hobgoblin (D:1)
  5 jackals
  4 bats (D:1)
  2 kobolds (D:1)
  5 rats
33 creatures vanquished.

Notes
Turn   | Place    | Note
-------+----------+-------------------------------------------
     0 | D:1      | DildoBatman the Formicid Conjurer began the quest for the
                  | Orb.
     0 | D:1      | Reached XP level 1. HP: 13/13 MP: 3/3
   155 | D:1      | Reached XP level 2. HP: 20/20 MP: 0/5
   160 | D:1      | Learned a level 2 spell: Searing Ray
   379 | D:1      | Reached XP level 3. HP: 24/25 MP: 2/6
   447 | D:1      | Reached skill level 1 in Fighting
   623 | D:2      | Reached skill level 1 in Armour
   724 | D:3      | Reached XP level 4. HP: 32/32 MP: 6/8
   755 | D:3      | Slain by a jackal

Illustrated notes

Levels and vault maps discovered:
D:1:      heliophobic_arrival_dark_side_of_the_moon, layout_rooms
D:2:      layout_rooms, kennysheep_path_1, roderic_three_in_a_row,
          grunt_decor_mini_mirrors
D:3:      layout_loops_corners, chequers_ecumenical_altar_simple, uniq_sigmund,
          uniq_natasha

Skill      XL: |  1  2  3 |
---------------+----------+-----
Dodging        | 2 |  2.1
Fighting       | 1 |  1.2
Armour         | 1 |  1.2
Stealth        | 3 |  3.0
Spellcasting   | |  2.6
Conjurations   | |  3.8

Action                     |  1- 3 |  4- 6 || total
---------------------------+-------+-------++-------
  Melee: Unarmed           |    14 |       ||    14
         Punch             |     1 |       ||     1
         Dagger            |    32 |       ||    32
   Fire: Sling             |    13 |       ||    13
   Cast: Magic Dart        |    34 |       ||    34
         Searing Ray       |     2 |       ||     2
 Armour: Robe              |    29 |    34 ||    63
  Dodge: Dodged            |    40 |    47 ||    87
